 Dungeon Crawl Stone Soup version 0.25-a0-435-g4b9beb1024 (webtiles) character file.

Game seed: 6309151750157482902, levelgen mode: deterministic

29920 Archen the Severer (level 13, -2/119 HPs)
             Began as a Minotaur Berserker on Jan 28, 2020.
             Was a High Priest of Trog.
             Slain by Agnes
             ... wielding a +4 lajatang of pain
              (21 damage)
             ... on level 15 of the Dungeon.
             The game lasted 00:46:55 (11347 turns).

Archen the Severer (Minotaur Berserker)            Turns: 11347, Time: 00:46:56

Health: -2/119     AC: 24    Str: 31    XL:     13   Next: 17%
Magic:  12/12      EV: 13    Int: 11    God:    Trog [*****.]
Gold:   235        SH:  0    Dex: 11    Spells: 12/12 levels left

rFire    x . .     SeeInvis .   G - +8 broad axe
rCold    . . .     Gourm    .   (no shield)
rNeg     . . .     Faith    .   D - +0 plate armour
rPois    +         Spirit   .   R - +0 hat
rElec    +         Reflect  .   u - +2 cloak {rPois}
rCorr    .         Harm     .   x - +0 pair of gloves
MR       +....                  K - +2 pair of boots "Abar" {rElec rPois Int+2 Slay+2}
Stlth    ..........             i - amulet of magic regeneration
HPRegen  0.29/turn              M - ring of the Sneaky People {+Inv rF- Str+5 Int+5 Stlth+}
MPRegen  0.38/turn              f - ring of protection from magic

@: berserk cooldown, slowed, very slow
A: retaliatory headbutt, horns 2
a: Berserk, Trog's Hand, Brothers in Arms, Renounce Religion, Evoke Invisibility


You were on level 15 of the Dungeon.
You worshipped Trog.
Trog was extremely pleased with you.
You were not hungry.

You visited 1 branch of the dungeon, and saw 15 of its levels.
You also visited: Gauntlet.

You collected 808 gold pieces.
You spent 573 gold pieces at shops.

Inventory:

Hand Weapons
 r - the +12 Vampire's Tooth {vamp}
   (You found it on level 11 of the Dungeon)

   It inflicts no extra harm, but heals its wielder when it wounds a living foe.
 v - a +2 executioner's axe of flaming
 G - a +8 broad axe (weapon)
Armour
 a - a +0 plate armour
 u - a +2 cloak of poison resistance (worn)
 x - a +0 pair of gloves (worn)
 D - a +0 plate armour (worn)
 K - the +2 pair of boots "Abar" (worn) {rElec rPois Int+2 Slay+2}
   (You found it in a Gauntlet)

   It affects your intelligence (+2).
   It affects your accuracy and damage with ranged weapons and melee attacks
   (+2).
   It insulates you from electricity.
   It protects you from poison.
   If you remove this armour, your AC will fall 4 points (24 -> 20)
 R - a +0 hat (worn)
 W - a +1 cloak
Jewellery
 e - a +2 ring of intelligence
 f - a ring of protection from magic (right hand)
 i - an amulet of magic regeneration (around neck)
 l - an uncursed ring of fire
 m - a +3 ring of intelligence
 y - a cursed -2 ring of intelligence
 z - an uncursed ring of stealth
 M - the ring of the Sneaky People (left hand) {+Inv rF- Str+5 Int+5 Stlth+}
   (You found it in a Gauntlet)

   [ring of intelligence]

   It affects your strength (+5).
   It affects your intelligence (+5).
   It makes you vulnerable to fire.
   It lets you turn invisible.
   It makes you more stealthy.
Wands
 h - a wand of scattershot (12)
 s - a wand of acid (15)
 t - a wand of paralysis (14)
 w - a wand of iceblast (9)
 A - a wand of flame (22)
 C - a wand of random effects (40)
 J - a wand of polymorph (22)
 P - a wand of enslavement (4)
Scrolls
 b - a scroll of summoning
 k - 4 scrolls of identify
 o - a scroll of silence
 p - 3 scrolls of fog
 q - 4 scrolls of teleportation
 L - a scroll of remove curse
 Q - a scroll of magic mapping
 S - 2 scrolls of brand weapon
 T - 2 scrolls of enchant armour
 U - a scroll of enchant weapon
 V - a scroll of holy word {unknown}
 Y - a scroll of blinking
Potions
 d - 4 potions of invisibility
 g - 4 potions of might
 j - 2 potions of lignification
 n - 5 potions of haste
 B - a potion of resistance
 E - 2 potions of berserk rage
 F - 3 potions of brilliance
 H - a potion of mutation
 O - a potion of agility
 X - 2 potions of curing {unknown}
Comestibles
 c - 20 rations


   Skills:
 + Level 12.4 Fighting
 * Level 16.4 Axes
 + Level 12.2 Armour
 + Level 11.3 Dodging


You had 12 spell levels left.
You didn't know any spells.
Your spell library was empty.

Dungeon Overview and Level Annotations

Branches:
Dungeon (15/15)            Temple (0/1) D:4            Lair (0/6) D:10
    Orc (0/2) D:9          Vaults (0/5) D:14        Gauntlet (visited)
 Depths: D:15

Altars:
Ashenzari
Dithmenos
Gozag
Kikubaaqudgha
Nemelex Xobeh
Okawaru
Zin

Shops:
D:4 }?   D:6 *   D:12 **??(

Annotations:
D:15 Agnes


Innate Abilities, Weirdness & Mutations

You reflexively headbutt those who attack you in melee.
You have a pair of horns on your head.


Message History

Agnes says, "You dishonour your ancestors."
Agnes hits you with a +4 lajatang of pain!
* * * LOW HITPOINT WARNING * * *
You hit Agnes. Your headbutt misses Agnes.
Agnes is almost dead.
Agnes hits you but does no damage.
Agnes hits you with a +4 lajatang of pain.
* * * LOW HITPOINT WARNING * * *
You writhe in agony.
* * * LOW HITPOINT WARNING * * *
You feel much better. Agnes completely misses you.
Agnes hits you with a +4 lajatang of pain!!
* * * LOW HITPOINT WARNING * * *
You writhe in agony.
* * * LOW HITPOINT WARNING * * *
You miss Agnes. Your headbutt misses Agnes.
Agnes is almost dead.
Agnes hits you but does no damage.
Agnes hits you with a +4 lajatang of pain!!
You die...

######
.#.##....#
.......@.#
##.##.i..#
.........
##.#######..
# ... .. .


You could see Agnes.

Vanquished Creatures
  Gastronok (D:12)
  Azrael (D:14)
  A minotaur (Gauntlet)
  A centaur warrior (D:13)
  Erica (D:11)
  3 two-headed ogres
  2 dancing weapons (D:14)
  A tengu warrior (D:13)
  Urug (D:11)
  3 sixfirhies (Gauntlet)
  2 unseen horrors
  A wizard (D:14)
  A wolf spider zombie (D:13)
  3 ugly things
  A cyclops (D:14)
  A manticore (D:12)
  Psyche (D:10)
  A gargoyle (D:13)
  A kobold demonologist (D:12)
  3 trolls
  A water elemental (D:14)
  2 shadows (Gauntlet)
  A spriggan (D:9)
  A wraith (D:13)
  2 vampires (D:11)
  4 fire elementals
  16 yaks
  A neqoxec (Gauntlet)
  2 chaos spawn (Gauntlet)
  A steam dragon (D:7)
  6 vampire mosquitoes (D:11)
  An acid dragon (D:13)
  A soldier ant (shapeshifter) (D:13)
  2 insubstantial wisps (D:7)
  A water moccasin (D:13)
  4 hell hounds
  7 orc warriors
  Duvessa (D:6)
  A black bear (D:12)
  An ice beast (D:12)
  An eye of draining (D:13)
  3 phantoms
  3 ogres
  4 sky beasts
  A necrophage (D:9)
  3 centaurs
  2 crocodiles
  5 big kobolds
  6 bullfrogs
  A gnoll sergeant (D:7)
  Dowan (D:6)
  2 wyvern zombies
  A water moccasin skeleton (D:9)
  A wyvern skeleton (D:13)
  5 scorpions
  12 killer bees
  15 wights
  2 vampire bats (D:8)
  3 howler monkeys (D:8)
  A bullfrog zombie (D:13)
  3 centaur zombies
  5 crimson imps
  3 jellies
  8 orc priests
  3 centaur skeletons
  8 hounds
  Crazy Yiuf (D:5)
  2 bullfrog skeletons
  3 iguanas
  11 orc wizards
  8 worker ants
  A hound skeleton (D:9)
  13 gnolls
  10 adders
  2 shadow imps
  An ooze (D:4)
  3 dart slugs
  6 worms
  8 leopard geckos
  77 orcs
  7 bats
  2 bat skeletons (D:8)
  3 bat zombies (D:8)
  8 giant cockroaches
  7 goblins
  6 hobgoblins
  23 jackals
  2 quokkas
  A ball python (D:2)
  2 frilled lizards
  A giant cockroach zombie (D:5)
  21 kobolds
  6 rats
423 creatures vanquished.

Notes
Turn   | Place    | Note
-------+----------+-------------------------------------------
     0 | D:1      | Archen the Minotaur Berserker began the quest for the Orb.
     0 | D:1      | Reached XP level 1. HP: 19/19 MP: 0/0
    90 | D:1      | Reached XP level 2. HP: 27/27 MP: 1/1
   116 | D:1      | Reached skill level 4 in Axes
   563 | D:2      | Reached XP level 3. HP: 33/33 MP: 2/2
   567 | D:2      | Reached ** piety under Trog
   712 | D:2      | Reached XP level 4. HP: 35/40 MP: 3/3
  1335 | D:3      | Reached skill level 5 in Axes
  1560 | D:3      | Reached XP level 5. HP: 47/47 MP: 4/4
  2193 | D:4      | Reached *** piety under Trog
  2196 | D:4      | Reached XP level 6. HP: 55/55 MP: 5/5
  2197 | D:4      | Reached skill level 5 in Fighting
  2197 | D:4      | Reached skill level 6 in Axes
  2417 | D:4      | Reached XP level 7. HP: 27/61 MP: 6/6
  2620 | D:4      | Found Ufeeschih's Gadget Shop.
  2718 | D:4      | Found a staircase to the Ecumenical Temple.
  2818 | D:4      | Found Anuity's Magic Scroll Shop.
  2823 | D:4      | Bought a scroll of identify for 22 gold pieces
  2823 | D:4      | Bought a scroll of identify for 22 gold pieces
  2823 | D:4      | Bought a scroll of identify for 22 gold pieces
  2891 | D:5      | Entered Level 5 of the Dungeon
  3066 | D:5      | Reached skill level 7 in Axes
  3106 | D:5      | Found a runed translucent door.
  3107 | D:5      | Noticed Crazy Yiuf
  3523 | D:5      | Killed Crazy Yiuf
  3627 | D:6      | Reached skill level 5 in Armour
  3661 | D:6      | Noticed Dowan
  3661 | D:6      | Noticed Duvessa
  3679 | D:6      | Killed Duvessa
  3679 | D:6      | Reached **** piety under Trog
  3684 | D:6      | Killed Dowan
  3761 | D:6      | Reached skill level 8 in Axes
  3761 | D:6      | Reached XP level 8. HP: 51/70 MP: 7/7
  3762 | D:6      | Reached skill level 5 in Dodging
  3785 | D:6      | Found Pusheutu's General Store.
  3793 | D:6      | Bought a potion of heal wounds for 55 gold pieces
  3793 | D:6      | Bought a potion of heal wounds for 55 gold pieces
  3849 | D:6      | Found an iron altar of Okawaru.
  4086 | D:7      | Reached skill level 9 in Axes
  4189 | D:7      | Reached XP level 9. HP: 58/79 MP: 8/8
  4194 | D:7      | Reached ***** piety under Trog
  4194 | D:7      | Received a gift from Trog
  4402 | D:7      | Reached skill level 10 in Axes
  4941 | D:8      | HP: 4/81 [killer bee (4)]
  4941 | D:8      | HP: 1/81 [hound (3)]
  5573 | D:8      | Found a shadowy altar of Dithmenos.
  5689 | D:8      | Found an ancient bone altar of Kikubaaqudgha.
  5849 | D:9      | Reached skill level 11 in Axes
  6035 | D:9      | Received a gift from Trog
  6140 | D:9      | Reached XP level 10. HP: 19/90 MP: 9/9
  6451 | D:9      | Found a staircase to the Orcish Mines.
  6553 | D:9      | Found a faded altar of an unknown god.
  6553 | D:9      | Found a glowing silver altar of Zin.
  6558 | D:9      | Found a sparkling altar of Nemelex Xobeh.
  6560 | D:9      | Found a shattered altar of Ashenzari.
  6561 | D:9      | Found a faded altar of an unknown god.
  7081 | D:10     | Entered Level 10 of the Dungeon
  7109 | D:10     | Noticed Psyche
  7114 | D:10     | Killed Psyche
  7138 | D:10     | Reached skill level 12 in Axes
  7397 | D:10     | Received a gift from Trog
  7411 | D:10     | Found an opulent altar of Gozag.
  7411 | D:10     | Noticed a spiny frog
  7427 | D:10     | Killed an unseen horror
  7454 | D:10     | a spiny frog changed into a meliai
  7659 | D:10     | Found a staircase to the Lair.
  7996 | D:11     | Reached XP level 11. HP: 99/99 MP: 10/10
  8011 | D:11     | Found the +12 Vampire's Tooth {vamp}
  8023 | D:11     | Reached skill level 13 in Axes
  8110 | D:11     | Noticed a white ugly thing
  8118 | D:11     | Killed a white ugly thing
  8118 | D:11     | Reached skill level 10 in Fighting
  8170 | D:11     | Found a gate leading to a gauntlet.
  8170 | D:11     | Noticed Erica
  8186 | D:11     | Killed Erica
  8187 | D:11     | Noticed a two-headed ogre
  8192 | D:11     | Killed a two-headed ogre
  8192 | D:11     | Reached skill level 10 in Armour
  8472 | Gauntlet | Entered a Gauntlet
  8472 | Gauntlet | Found a transporter.
  8472 | Gauntlet | Found a transporter.
  8472 | Gauntlet | Found a runed translucent door.
  8472 | Gauntlet | Found a runed translucent door.
  8476 | Gauntlet | Found a transporter.
  8477 | Gauntlet | Found a transporter.
  8480 | Gauntlet | Found a transporter.
  8480 | Gauntlet | Found a transporter.
  8516 | Gauntlet | Found a transporter.
  8520 | Gauntlet | Found a transporter.
  8536 | Gauntlet | Found a transporter.
  8538 | Gauntlet | Noticed a sixfirhy
  8538 | Gauntlet | Noticed a sixfirhy
  8540 | Gauntlet | Noticed a sixfirhy
  8545 | Gauntlet | Found a transporter.
  8546 | Gauntlet | Noticed a cacodemon
  8560 | Gauntlet | Found a transporter.
  8564 | Gauntlet | Found a transporter.
  8603 | Gauntlet | Gained mutation: You occasionally shout uncontrollably at
                  | your foes. [a neqoxec]
  8615 | Gauntlet | Lost mutation: You occasionally shout uncontrollably at
                  | your foes. [a neqoxec]
  8706 | Gauntlet | Got a pair of polished boots
  8712 | Gauntlet | Identified the +2 pair of boots "Abar" {rElec rPois Int+2
                  | Slay+2} (You found it in a Gauntlet)
  8741 | Gauntlet | Killed a sixfirhy
  8748 | Gauntlet | Killed a sixfirhy
  8748 | Gauntlet | Reached skill level 14 in Axes
  8748 | Gauntlet | Killed a sixfirhy
  8748 | Gauntlet | Received a gift from Trog
  8771 | Gauntlet | Got a clouded tin ring
  8774 | Gauntlet | Identified the ring of the Sneaky People {+Inv rF- Str+5
                  | Int+5 Stlth+} (You found it in a Gauntlet)
  8862 | Gauntlet | Noticed a minotaur
  8868 | Gauntlet | Killed a minotaur
  8908 | D:11     | Noticed Urug
  8916 | D:11     | Killed Urug
  9035 | D:11     | Killed an unseen horror
  9177 | D:12     | Found Gentod's Magic Scroll Boutique.
  9237 | D:12     | Reached XP level 12. HP: 110/110 MP: 11/11
  9243 | D:12     | Reached skill level 10 in Dodging
  9269 | D:12     | Found Juito's Magic Scroll Boutique.
  9289 | D:12     | Bought a scroll of remove curse for 45 gold pieces
  9389 | D:12     | Found Duushroru's Antique Weapon Shoppe.
  9406 | D:12     | Noticed Gastronok
  9417 | D:12     | Killed Gastronok
  9417 | D:12     | Reached skill level 15 in Axes
  9522 | D:12     | Found Matiuj's Assorted Antiques.
  9525 | D:12     | Bought a scroll of enchant armour for 165 gold pieces
  9525 | D:12     | Bought a scroll labeled BACWIW YKEALAAR for 22 gold pieces
  9525 | D:12     | Bought a scroll of enchant armour for 165 gold pieces
  9533 | D:12     | Found Beshritso's Assorted Antiques.
  9805 | D:13     | Noticed a centaur warrior
  9815 | D:13     | Killed a centaur warrior
  9846 | D:13     | Received a gift from Trog
 10220 | D:13     | Noticed a two-headed ogre
 10225 | D:13     | Killed a two-headed ogre
 10432 | D:13     | Noticed a tengu warrior
 10443 | D:13     | Killed a tengu warrior
 10565 | D:14     | Reached skill level 16 in Axes
 10575 | D:14     | Found a gate to the Vaults.
 10598 | D:14     | Noticed a two-headed ogre
 10603 | D:14     | Killed a two-headed ogre
 10614 | D:14     | Reached XP level 13. HP: 71/118 MP: 12/12
 11321 | D:15     | Entered Level 15 of the Dungeon
 11321 | D:15     | Noticed Azrael
 11327 | D:14     | Killed Azrael
 11339 | D:15     | Noticed Agnes
 11347 | D:15     | Slain by Agnes

Levels and vault maps discovered:
D:1:      matt_arrival_spirals, layout_rooms
D:2:      layout_loops_corners, grunt_ministairs_15
D:3:      layout_loops_cross, first_ration, kennysheep_donut
D:4:      layout_cave_pools, minmay_temple_entry_offerings, serial_shops,
          kennysheep_mini, kennysheep_little_box
D:5:      layout_loops_ring, serial_bayou_pond_a, uniq_crazy_yiuf_cottage
D:6:      layout_cave_pools, okawaru_altar_gauntlet_db, serial_column_ruins,
          column_ruins_open_small_water, column_ruins_open_tiny,
          column_ruins_open_tiny, column_ruins_columns_corner,
          column_ruins_columns_straight, column_ruins_grid_3, serial_shops,
          shop, uniq_duvessa
D:7:      layout_basic, hangedman_misty_isle
D:8:      layout_rooms, marbit_many_paths, kennysheep_vampire_church
D:9:      layout_stronghold, chequers_temple_overflow_minitemple,
          hiddenorc2_lemuel, the_bakery
D:10:     layout_irregular_city, lair_entry_dummy, lemuel_statue_altar,
          uniq_psyche
D:11:     layout_basic, gauntlet_entry_generic,
          minmay_guarded_unrand_vampires_tooth, uniq_urug, uniq_erica
D:12:     layout_rooms, serial_shops, shop, nicolae_shop_behind_doors, shop,
          shop, shop_statue, nicolae_zen_rock_garden, uniq_gastronok
D:13:     layout_basic
D:14:     layout_rooms, erik_vaults_1, wad_floor_pattern_1, minivault_26,
          minmay_crystal_water
D:15:     grunt_enter_depths_snipers, layout_basic, grunt_dithmenos_smoke,
          serial_glass, glass_columns_a, glass_columns_c, tso_altar, uniq_agnes,
          uniq_azrael

Skill      XL: |  1  2  3  4  5  6  7  8  9 10 11 12 |
---------------+-------------------------------------+-----
Axes           | 4 5 6 8 9 11 12 14 16 | 16.4
Fighting       | 4 5 6 7 8 9 11 12 | 12.4
Armour         | 3 4 5 6 8 9 10 12 | 12.2
Dodging        | 3 4 6 7 8 9 11 | 11.3

Action                   |  1- 3 |  4- 6 |  7- 9 | 10-12 | 13-15 || total
-------------------------+-------+-------+-------+-------+-------++-------
Melee: Hand axe          |    61 |    28 |       |       |       ||    89
       Headbutt          |    17 |    24 |    43 |    75 |     8 ||   167
       War axe           |       |    90 |   155 |       |       ||   245
       Executioner's axe |       |       |   119 |       |       ||   119
       Broad axe         |       |       |    17 |   416 |    40 ||   473
Invok: Berserk           |       |     1 |     2 |     4 |     1 ||     8
  Use: Scroll            |       |     6 |     6 |    13 |       ||    25
       Potion            |       |       |     4 |     2 |     2 ||     8
  Eat: Chunk             |       |     6 |    11 |    15 |     3 ||    35
       Ration            |       |       |     1 |     1 |       ||     2
Armor: Animal skin       |     2 |       |       |       |       ||     2
       Ring mail         |    23 |    37 |    30 |       |       ||    90
       Chain mail        |       |       |   156 |       |       ||   156
       Plate armour      |       |       |    64 |   245 |    29 ||   338
Dodge: Dodged            |    35 |    99 |   256 |   213 |    35 ||   638

Table legend:
 A = Non-vault XP
 B = Vault XP
 C = Vault XP percentage of total XP
 D = Non-vault monster count
 E = Vault monster count
 F = Vault count percentage of total count
                 A         B        C        D         E       F
            +---------+---------+-------+---------+---------+-------
      Total |   25704 |   17040 |  39.9 |     333 |      90 |  21.3
            +---------+---------+-------+---------+---------+-------
        D:1 |      32 |       0 |   0.0 |      20 |       0 |   0.0
        D:2 |      85 |       5 |   5.6 |      12 |       2 |  14.3
        D:3 |     187 |       0 |   0.0 |      31 |       0 |   0.0
        D:4 |     440 |       0 |   0.0 |      22 |       0 |   0.0
        D:5 |     186 |      39 |  17.3 |      10 |       1 |   9.1
        D:6 |     633 |     223 |  26.1 |      24 |       8 |  25.0
        D:7 |     752 |     898 |  54.4 |      22 |       6 |  21.4
        D:8 |     766 |     127 |  14.2 |      19 |       8 |  29.6
        D:9 |    1168 |     744 |  38.9 |      28 |      33 |  54.1
       D:10 |    3665 |     476 |  11.5 |      45 |       1 |   2.2
       D:11 |    3307 |    3238 |  49.5 |      15 |      10 |  40.0
       D:12 |    4473 |    2390 |  34.8 |      29 |       1 |   3.3
       D:13 |    6209 |       0 |   0.0 |      35 |       0 |   0.0
       D:14 |    3801 |    3867 |  50.4 |      21 |       8 |  27.6
       D:15 |       0 |     537 | 100.0 |       0 |       3 | 100.0
   Gauntlet |       0 |    4496 | 100.0 |       0 |       9 | 100.0
            +---------+---------+-------+---------+---------+-------
